 Dungeon Crawl Stone Soup version 0.27.1-4-g1640c2035a (webtiles) character file.

Game seed: 16556905711099970319

275 Destapler the Skirmisher (level 6, -1/55 HPs)
             Began as a Hill Orc Abyssal Knight on Nov 7, 2021.
             Was a Believer of Lugonu.
             Slain by a hound (5 damage)
             ... on level 5 of the Dungeon.
             The game lasted 00:06:45 (4010 turns).

Destapler the Skirmisher (Hill Orc Abyssal Knight)  Turns: 4010, Time: 00:06:45

Health: -1/55      AC:  3    Str: 23    XL:     6   Next: 25%
Magic:  9/9        EV: 15    Int: 12    God:    Lugonu [**....]
Gold:   227        SH:  0    Dex: 10    Spells: 5/5 levels left

rFire    + + .     SeeInvis .   a - +1 hand axe
rCold    . . .     Faith    .   (no shield)
rNeg     + . .     Spirit   .   b - +0 leather armour
rPois    .         Reflect  .   (no helmet)
rElec    +         Harm     .   (no cloak)
rCorr    +         Rampage  .   (no gloves)
Will     .....                  (no boots)
Stlth    +.........             (no amulet)
HPRegen  0.18/turn              i - +6 ring of strength
MPRegen  0.11/turn              e - ring of the Median {rElec rF++ rN+ rCorr EV+4}

@: no status effects
A: no striking features
a: Renounce Religion, Depart the Abyss, Bend Space


You were on level 5 of the Dungeon.
You worshipped Lugonu.
Lugonu was pleased with you.
You visited 1 branch of the dungeon, and saw 5 of its levels.
You visited the Abyss 1 time.

You collected 227 gold pieces.

Inventory:

Hand Weapons
 a - a +1 hand axe (weapon)
Missiles
 j - 21 poisoned darts
 k - 6 javelins
Armour
 b - a +0 leather armour (worn)
Jewellery
 e - the ring of the Median (right hand) {rElec rF++ rN+ rCorr EV+4}
   (You acquired it on level 4 of the Dungeon)

   [ring of evasion]

   EV:        It affects your evasion (+4).
   rF:        It greatly protects you from fire.
   rElec:     It insulates you from electricity.
   rN:        It protects you from negative energy.
   rCorr:     It protects you from acid and corrosion.
 i - a +6 ring of strength (left hand)
Wands
 h - a wand of paralysis (16) (quivered)
 l - a wand of digging (2)
Scrolls
 c - 3 scrolls of magic mapping
 g - 2 scrolls of torment
 m - a scroll of identify {unknown}
 p - a scroll of fear {unknown}
Potions
 d - 3 potions of curing {unknown}


   Skills:
 + Level 4.8 Fighting
 + Level 4.4 Axes
 + Level 3.6 Armour
 + Level 2.1 Dodging
 + Level 4.3 Invocations


You had 5 spell levels left.
You didn't know any spells.
Your spell library contained the following spells:

 Spells                   Type           Power      Damage    Failure   Level
 Sublimation of Blood     Necr           0%         N/A       50%         2
 Petrify                  Tmut/Erth      0%         N/A       98%         4
 Irradiate                Conj/Tmut      0%         3d13      100%        5


Dungeon Overview and Level Annotations

Branches:
Dungeon (5/15)
 Temple: D:4-7

Altars:

Shops:
D:1 (   D:4 *


Message History

You hit the ice beast. The ice beast misses you. The hound bites you.
The ice beast misses you. The hound misses you.
You hit the ice beast.
The ice beast is moderately wounded.
You miss the hound. The hound bites you. The ice beast closely misses you.
You hit the ice beast.
The ice beast is moderately wounded.
You closely miss the hound. The hound closely misses you. The hound bites you.
The ice beast completely misses you.
You closely miss the ice beast.
The ice beast is moderately wounded.
You hit the hound. The hound completely misses you.
The ice beast hits you but does no damage.
The hound closely misses you.
You hit the ice beast but do no damage.
The ice beast is moderately wounded.
You hit the hound but do no damage. The hound bites you.
The ice beast hits you but does no damage.
You hit the ice beast.
The ice beast is heavily wounded.
You hit the hound. The hound misses you.
The ice beast hits you but does no damage.
The hound bites you.
You hit the ice beast but do no damage.
The ice beast is heavily wounded.
You barely miss the hound. The hound closely misses you.
The ice beast hits you. The ice beast freezes you! The hound bites you.
* * * LOW HITPOINT WARNING * * *
You hit the ice beast.
The ice beast is severely wounded.
You hit the hound. The hound bites you.
* * * LOW HITPOINT WARNING * * *
The ice beast hits you.
* * * LOW HITPOINT WARNING * * *
The ice beast freezes you!
* * * LOW HITPOINT WARNING * * *
The hound bites you.
* * * LOW HITPOINT WARNING * * *
The hound bites you.
You die...

.......#..#...###.
.........>....#...
........#... ......
.......#...##......
..<...#...........
#..............##
.##...............#
........@hY.)......
.........###)......
...##...........(..
##......#......#...
........###....# ..
..#............. .
. ###.#..##......
.###.##.# #.#...
.....#..## ##


You could see an ice beast and a hound.

Vanquished Creatures
  An ogre (D:5)
  A scorpion (D:4)
  A bullfrog skeleton (D:5)
  3 adders
  An adder skeleton (D:4)
  A worm (D:2)
  2 dart slugs
  6 endoplasms
  A giant cockroach (D:4)
  7 goblins
  4 hobgoblins
  5 jackals
  10 kobolds
  4 quokkas
  6 ball pythons
  4 bats
  2 frilled lizards
  10 rats
69 creatures vanquished.

Vanquished Creatures (others)
  8 plants (D:3)
8 creatures vanquished.

Grand Total: 77 creatures vanquished

Notes
Turn   | Place    | Note
-------+----------+-------------------------------------------
     0 | Abyss:1  | Destapler the Hill Orc Abyssal Knight began the quest for
                  | the Orb.
     0 | Abyss:1  | Reached XP level 1. HP: 19/19 MP: 2/2
    84 | Abyss:3  | Noticed an ogre mage
    84 | Abyss:3  | Noticed an ice dragon
    84 | Abyss:3  | Noticed an ogre mage
    84 | Abyss:3  | Noticed a fire bat
    84 | Abyss:3  | Noticed a chaos spawn
    84 | Abyss:3  | Noticed a fire dragon
    84 | Abyss:3  | Noticed a fire bat
    84 | Abyss:3  | Noticed a chaos spawn
    84 | Abyss:3  | Noticed a chaos spawn
    84 | Abyss:3  | Noticed a chaos spawn
    84 | Abyss:3  | Found a corrupted altar of Lugonu.
    85 | D:1      | Escaped the Abyss
   247 | D:1      | Found Qythruug's Antique Weapon Boutique.
   427 | D:1      | Reached skill level 1 in Dodging
   427 | D:1      | Reached XP level 2. HP: 22/27 MP: 3/3
   512 | D:1      | Reached * piety under Lugonu
   895 | D:2      | Found a faded altar of an unknown god.
   955 | D:2      | Reached XP level 3. HP: 27/33 MP: 5/5
  1580 | D:2      | Reached ** piety under Lugonu
  1828 | D:2      | Reached XP level 4. HP: 40/40 MP: 6/6
  2932 | D:4      | Found Lemel's General Store.
  2964 | D:4      | Noticed a scorpion
  2981 | D:4      | Killed a scorpion
  2981 | D:4      | HP: 3/60 [poisoned by a scorpion]
  2982 | D:4      | Reached XP level 5. HP: 4/47 MP: 7/7
  3806 | D:4      | Identified a scroll of acquirement
  3806 | D:4      | Acquired the ring of the Median {rElec rF++ rN+ rCorr EV+4}
  3960 | D:5      | Entered Level 5 of the Dungeon
  3988 | D:5      | Noticed an ogre
  3993 | D:5      | Noticed an ice beast
  3999 | D:5      | Killed an ogre
  4000 | D:5      | Reached XP level 6. HP: 55/55 MP: 9/9
  4010 | D:5      | Slain by a hound

Illustrated notes

Levels and vault maps discovered:
D:1:      tarquinn_simple_flora_water_f, layout_basic, serial_shops, shop
D:2:      layout_loops_ring, ebering_ecumenical_altar_abandoned
D:3:      layout_basic, serial_bayou, serial_bayou_crossing,
          serial_bayou_ford_a, serial_bayou_shore_a, serial_bayou_lagoon_a
D:4:      layout_cave_pools, serial_shops, nicolae_diamond_shop
D:5:      layout_cave_pools, overflow_temple_1_default, chequers_garden,
          minmay_guarded_unrand_staff_of_olgreb, uniq_grinder

Skill      XL: |  1  2  3  4  5 |
---------------+----------------+-----
Dodging        | 1 2 |  2.1
Axes           | 3 4 |  4.4
Invocations    | 3 4 |  4.3
Fighting       | 4 |  4.8
Armour         | 3 |  3.6

Action                   |  1- 3 |  4- 6 || total
-------------------------+-------+-------++-------
Melee: Hand axe          |   106 |   112 ||   218
Throw: Dart              |       |     2 ||     2
       Javelin           |       |     2 ||     2
Invok: Depart the Abyss  |     1 |       ||     1
Evoke: Wand              |       |     1 ||     1
  Use: Potion            |     2 |     1 ||     3
       Scroll            |     2 |     6 ||     8
 Stab: Paralysed         |       |     6 ||     6
Armor: Leather armour    |    30 |    31 ||    61
       Skin              |       |    12 ||    12
Dodge: Dodged            |    76 |    95 ||   171
